 Dungeon Crawl Stone Soup version 0.28.0 (webtiles) character file.

Game seed: 4427037392496792792

7447 freelancePsychic the Covert (level 10, -8/49 HPs)
             Began as a Spriggan Summoner on Feb 12, 2022.
             Was a Follower of Dithmenos.
             Mangled by a seven-headed hydra (17 damage)
             ... on level 3 of the Lair of Beasts.
             The game lasted 00:41:43 (10870 turns).

freelancePsychic the Covert (Spriggan Summoner)    Turns: 10870, Time: 00:41:44

Health: -8/49      AC:  2    Str:  4    XL:     10   Next: 93%
Magic:  10/24      EV: 17    Int: 21    God:    Dithmenos [*.....]
Gold:   465        SH:  0    Dex: 16    Spells: 17/28 levels left

rFire   + . .      SeeInvis +   e - +2 dagger (elec)
rCold   . . .      Faith    .   (no shield)
rNeg    . . .      Spirit   .   a - +0 robe
rPois   .          Reflect  .   (helmet restricted)
rElec   .          Harm     .   (no cloak)
rCorr   .          Rampage  .   (gloves unavailable)
Will    ++...                   (boots unavailable)
Stlth   ++++++....              d - amulet of magic regeneration
HPRegen 0.16/turn               A - ring of willpower
MPRegen 0.59/turn               D - ring of protection from fire

@: wreathed by umbra, very quick
A: very small, no large weapons, unfitting armour, see invisible, speed 3
a: Renounce Religion


You were on level 3 of the Lair of Beasts.
You worshipped Dithmenos.
Dithmenos was aware of your devotion.
You visited 3 branches of the dungeon, and saw 13 of its levels.
You also visited: Sewer.

You collected 465 gold pieces.

Inventory:

Hand Weapons
 e - a +2 dagger of electrocution (weapon)
Armour
 a - a +0 robe (worn)
 s - a +0 cloak
 x - a scarf of shadows
Jewellery
 d - an amulet of magic regeneration (around neck)
 k - an amulet of faith
 v - an amulet of guardian spirit
 A - a ring of willpower (left hand)
 D - a ring of protection from fire (right hand)
Wands
 i - a wand of flame (26)
 r - a wand of paralysis (11)
Scrolls
 b - a scroll of brand weapon
 g - a scroll of identify {@r1}
 h - 2 scrolls of vulnerability
 j - 2 scrolls of immolation
 n - 3 scrolls of noise
 w - a scroll of silence
 y - 2 scrolls of amnesia
 B - a scroll of torment
 F - a scroll of enchant weapon
 G - a scroll of teleportation {unknown}
Potions
 c - 2 potions of flight
 f - a potion of mutation
 l - a potion of curing {unknown}
 m - a potion of resistance
 o - 2 potions of might
 p - 2 potions of attraction
 q - 2 potions of brilliance {unknown}
 t - a potion of heal wounds {@q2}
 z - a potion of haste {unknown}
 C - a potion of degeneration {unknown}
 E - a potion of invisibility {unknown}


   Skills:
 + Level 3.8 Fighting
 - Level 4.1 Short Blades
 - Level 2.6 Dodging
 + Level 11.5 Stealth
 - Level 9.5 Spellcasting
 - Level 4.0 Hexes
 - Level 6.2 Summonings
 - Level 7.0 Air Magic
 + Level 4.6 Invocations


You had 17 spell levels left.
You knew the following spells:

 Your Spells              Type           Power      Damage    Failure   Level
a - Summon Small Mammal   Summ           100%       N/A       1%          1
b - Call Canine Familiar  Summ           36%        N/A       1%          3
c - Summon Guardian Gole  Hex/Summ       31%        N/A       2%          3
d - Summon Lightning Spi  Summ/Air       38%        N/A       4%          4

Your spell library contained the following spells:

 Spells                   Type           Power      Damage    Failure   Level
 Call Imp                 Summ           36%        N/A       1%          2
 Magic Dart               Conj           36%        1d4       7%          1
 Searing Ray              Conj           18%        2d5       11%         2
 Fulminant Prism          Conj/Hex       9%         3d7       30%         4
 Petrify                  Tmut/Erth      9%         N/A       56%         4
 Metabolic Englaciation   Hex/Ice        9%         N/A       63%         5
 Statue Form              Tmut/Erth      6%         N/A       100%        6


Dungeon Overview and Level Annotations

Branches:
Dungeon (9/15)             Temple (1/1) D:7            Lair (3/6) D:9
  Sewer (visited)
  Swamp: Lair:2-4    Shoals: Lair:2-4     Snake: Lair:2-4    Spider: Lair:2-4
    Orc: D:9-12

Altars:
Cheibriados
Dithmenos
Elyvilon
Fedhas
Gozag
Hepliaklqana
Kikubaaqudgha
Makhleb
Nemelex Xobeh
Okawaru
Qazlal
Sif Muna
Trog
Uskayaw
Wu Jian
Xom
Zin
The Shining One

Shops:
D:7 (

Annotations:
D:4 Grinder, Menkaure
D:5 1 runed translucent door, exclusion: adder, JuniperTheExplorer's ghost, novice PaFi
D:6 3 runed translucent doors, AlmostDecent's ghost, novice GrFi; Maggie
D:7 Joseph
D:9 exclusion: 5 doors
Lair:1 exclusions: komodo dragon and torpor snail


Innate Abilities, Weirdness & Mutations

You are very small and have problems with some larger weapons.
You are too small for most types of armour.
You have supernaturally acute eyesight. (SInv)
You cover ground extremely quickly. (Speed+++)


Message History

The seven-headed hydra bites your wolf! x3
Your wolf dies!
Your wolf's corpse disappears in a puff of smoke!
Your lightning spire shoots out a bolt of lightning at the seven-headed hydra!
The bolt of electricity hits the seven-headed hydra!
You swap places.
The seven-headed hydra bites your guardian golem!
The seven-headed hydra bites your guardian golem.
The seven-headed hydra bites your guardian golem!
Your guardian golem is destroyed!
Your guardian golem disappears in a puff of smoke!
The seven-headed hydra bites your lightning spire! x3
The seven-headed hydra bites your lightning spire but does no damage.
Your magical contamination has completely faded away.
Casting: Summon Guardian Golem (dangerous; 2% risk of failure)
Confirm with . or Enter, or press ? or * to list all spells.
A guardian golem appears, shielding your allies.
Your lightning spire shoots out a bolt of lightning at the seven-headed hydra!
The bolt of electricity hits the seven-headed hydra!
The bolt of electricity hits your guardian golem.
Your guardian golem resists.
The bolt of electricity hits your guardian golem.
Your guardian golem resists.
The bolt of electricity hits the seven-headed hydra.
The bolt of electricity hits your lightning spire.
Your lightning spire completely resists.
The seven-headed hydra bites your lightning spire but does no damage. x2
The seven-headed hydra bites your lightning spire. x3
Your lightning spire is destroyed!
Your lightning spire disappears in a puff of smoke!
The seven-headed hydra bites your guardian golem! x2
Your guardian golem overheats!
Casting: Summon Guardian Golem (dangerous; 2% risk of failure)
Confirm with . or Enter, or press ? or * to list all spells.
An electric hum fills the air.
The seven-headed hydra roars!
The seven-headed hydra bites you! x2
* * * LOW HITPOINT WARNING * * *
The seven-headed hydra bites you!
You die...

.....F.
.........≈≈≈...#
......
........#≈≈≈...#
......
.....##..#≈#≈..#
......
.....#...##≈...#
...... .###
##........#
..####
######....####
### #P#9#...†###
# #.D........#
.. #@8.....$..#
... ############
... Y.. #Y


You could see a seven-headed hydra (ally target), a friendly guardian golem
(summoned, inner flame) and a friendly lightning spire (summoned, sheltered).

Vanquished Creatures
  A water moccasin (D:5)
  A black bear (D:9)
  A centaur (D:6)
  A wolf (Lair:1)
  A water moccasin skeleton (D:4)
  An iguana (D:5)
  A howler monkey zombie (D:7)
  2 gnolls (D:7)
  A river rat (Sewer)
  3 adders
  3 worms
  A dart slug (D:2)
  7 orcs
  2 bats
  3 endoplasms
  2 giant cockroaches
  A goblin (D:1)
  A hobgoblin (D:4)
  A quokka (D:4)
  A ball python (D:2)
  A frilled lizard (Sewer)
  A kobold (D:4)
  A rat (D:2)
38 creatures vanquished.

Vanquished Creatures (collateral kills)
  A hydra (Lair:1)
  Pikel (D:8)
  A cyclops (D:9)
  A rime drake (Lair:1)
  Sigmund (D:5)
  7 yaks
  4 water moccasins
  An orc warrior (D:7)
  2 black bears (D:9)
  A centaur (D:7)
  An ogre (D:4)
  A wolf (Lair:3)
  3 bullfrogs
  A scorpion (D:4)
  3 water moccasin zombies
  A killer bee (D:8)
  2 centaur zombies
  A hound (D:6)
  A centaur skeleton (D:4)
  A gnoll shaman (D:7)
  An orc priest (D:6)
  2 iguanas
  3 orc wizards
  3 howler monkey skeletons (D:5)
  9 gnolls
  7 adders
  A river rat (Sewer)
  A worm (D:5)
  2 dart slugs
  20 orcs
  2 endoplasms
  A giant cockroach (D:2)
  3 goblins
  A jackal (Sewer)
  4 quokkas
  5 ball pythons
  3 frilled lizards
  2 kobolds
  5 rats
110 creatures vanquished.

Vanquished Creatures (others)
  A cane toad (Lair:1)
  A hornet (D:7)
  A yak (D:8)
  Edmund (D:6)
  2 water moccasins (D:9)
  5 orc warriors
  An ice beast (D:5)
  A necrophage (D:5)
  A hornet zombie (D:6)
  An ogre (D:5)
  A centaur (D:9)
  A lemure (D:8)
  2 scorpions
  2 killer bees (D:8)
  A gnoll shaman (D:7)
  An orc priest (D:7)
  A killer bee zombie (D:6)
  2 gnolls (D:7)
  3 orcs
  61 fungi
  46 plants
136 creatures vanquished.

Grand Total: 284 creatures vanquished

Notes
Turn   | Place    | Note
-------+----------+-------------------------------------------
     0 | D:1      | freelancePsychic the Spriggan Summoner began the quest for
                  | the Orb.
     0 | D:1      | Reached XP level 1. HP: 9/9 MP: 5/5
   436 | D:1      | Found a faded altar of an unknown god.
   506 | D:1      | Reached XP level 2. HP: 13/13 MP: 6/6
   659 | D:2      | Reached skill level 1 in Hexes
   982 | D:2      | Reached XP level 3. HP: 16/16 MP: 8/8
  1551 | D:3      | Found a glowing drain.
  1574 | Sewer    | Entered a sewer
  1723 | Sewer    | Reached XP level 4. HP: 12/21 MP: 8/10
  1727 | Sewer    | Learned a level 3 spell: Call Canine Familiar
  1935 | Sewer    | Noticed a nameless horror
  2408 | D:3      | Reached skill level 4 in Stealth
  2455 | D:3      | Reached XP level 5. HP: 15/24 MP: 3/11
  2923 | D:3      | You fall into a shaft and drop 2 floors!
  2923 | D:5      | Entered Level 5 of the Dungeon
  2965 | D:5      | Learned a level 3 spell: Summon Guardian Golem
  3005 | D:5      | Noticed a water moccasin
  3064 | D:4      | Reached XP level 6. HP: 28/28 MP: 13/13
  3264 | D:4      | Reached skill level 5 in Summonings
  3517 | D:4      | Noticed Grinder
  3611 | D:4      | Reached skill level 5 in Spellcasting
  3622 | D:4      | Reached XP level 7. HP: 24/32 MP: 15/15
  3745 | D:4      | Noticed Menkaure
  4065 | D:5      | Reached skill level 1 in Air Magic
  4673 | D:5      | Found a runed translucent door.
  4673 | D:5      | Noticed JuniperTheExplorer's ghost (novice PaFi)
  4750 | D:5      | Noticed Sigmund
  4875 | D:5      | Killed Sigmund
  4876 | D:5      | Reached XP level 8. HP: 28/36 MP: 18/18
  5382 | D:6      | Noticed Maggie
  5419 | D:5      | Learned a level 4 spell: Summon Lightning Spire
  5524 | D:6      | Noticed Edmund
  5568 | D:6      | Killed Edmund
  5677 | D:6      | Reached skill level 5 in Stealth
  6411 | D:6      | Reached skill level 6 in Stealth
  6437 | D:6      | Found a runed translucent gate.
  6437 | D:6      | Found a runed translucent gate.
  6437 | D:6      | Noticed AlmostDecent's ghost (novice GrFi)
  6439 | D:6      | Found a runed translucent gate.
  6595 | D:6      | Reached skill level 7 in Stealth
  6595 | D:6      | Reached skill level 5 in Air Magic
  6595 | D:6      | Reached XP level 9. HP: 38/39 MP: 20/22
  7045 | D:7      | Reached skill level 8 in Stealth
  7809 | D:7      | Noticed Joseph
  7858 | D:7      | Found Foovusy's Antique Weapon Shop.
  8116 | D:7      | Found a staircase to the Ecumenical Temple.
  8122 | Temple   | Entered the Ecumenical Temple
  8325 | Temple   | Became a worshipper of Dithmenos the Shadowed
  8663 | D:8      | Noticed Pikel
  8782 | D:8      | Reached skill level 9 in Stealth
  8782 | D:8      | Killed Pikel
  8783 | D:8      | Reached skill level 1 in Fighting
  8783 | D:8      | Reached skill level 1 in Short Blades
  8783 | D:8      | Reached skill level 1 in Invocations
  8783 | D:8      | Reached XP level 10. HP: 45/45 MP: 17/24
  9242 | D:9      | Noticed a cyclops
  9278 | D:9      | Reached skill level 10 in Stealth
  9459 | D:9      | Killed a cyclops
  9615 | D:9      | Found a staircase to the Lair.
  9671 | D:9      | Reached * piety under Dithmenos
  9932 | Lair:1   | Entered Level 1 of the Lair of Beasts
  9974 | Lair:1   | Noticed a four-headed hydra
 10002 | Lair:1   | Killed a four-headed hydra
 10162 | Lair:1   | Noticed a cane toad
 10200 | Lair:1   | Reached skill level 11 in Stealth
 10217 | Lair:1   | Noticed a torpor snail
 10289 | Lair:1   | Noticed a cane toad
 10321 | Lair:1   | Killed a cane toad
 10502 | Lair:2   | Noticed a seven-headed hydra
 10502 | Lair:2   | Noticed a cane toad
 10502 | Lair:2   | Noticed a cane toad
 10630 | Lair:3   | Identified a scroll of acquirement
 10631 | Lair:3   | Acquired a ring of protection from fire
 10782 | Lair:3   | Noticed a seven-headed hydra
 10804 | Lair:3   | Noticed a black mamba
 10870 | Lair:3   | Mangled by a seven-headed hydra

Illustrated notes

Levels and vault maps discovered:
D:1:      eino_arrival_tree_alley, layout_basic,
          shapermc_ecumenical_altar_acropolis
D:2:      layout_loops_ring, grunt_ministairs_1
D:3:      layout_basic, cheibrodos_sewer_entry_bend, hangedman_decor_riveting
D:4:      layout_rooms, minmay_unequal, uniq_menkaure, uniq_grinder
D:5:      layout_cave_pods, hellmonk_ghost_happy_afterlife, uniq_sigmund
D:6:      layout_basic, chequers_temple_overflow_statue_of_worship,
          gammafunk_ghost_split, serial_aquarium, aquarium_bridge_long_separate
          [aquarium_subvault_bridge, aquarium_subvault_bridge,
          aquarium_subvault_bridge, aquarium_subvault_bridge,
          aquarium_subvault_bridge, aquarium_subvault_window],
          aquarium_window_3, aquarium_window_1, aquarium_window_fake,
          aquarium_window_fake, aquarium_view_2a, aquarium_view_2c,
          aquarium_pool_2, uniq_edmund, uniq_maggie
D:7:      layout_basic, minmay_temple_entry_fiery, serial_shops,
          nicolae_shop_advertising_works [nicolae_subvault_shop_adworks],
          grunt_ministairs_8, uniq_joseph
D:8:      layout_basic, ploomutoo_gammafunk_ghost_potion_laboratory, uniq_erica,
          uniq_pikel
D:9:      layout_basic, due_lair_maze_entry_diamond, hangedman_minor_magic
Temple:   hc_temple_tempest_star
Lair:1:   layout_regular_city, kennysheep_snail_temple, serial_bayou_shore_a
Lair:2:   layout_misc_corridors, ice2_lemuel, infiniplex_staircase_pool_2,
          grunt_megastairs_3
Lair:3:   lemuel_ratsnest, layout_gridlike, chequers_serial_rivers_micro_c

Skill      XL: |  1  2  3  4  5  6  7  8  9 10 |
---------------+-------------------------------+-----
Spellcasting   | 3 4 5 6 8 9 |  9.5
Hexes          | 1 2 3 4 |  4.0
Summonings     | 4 5 6 |  6.2
Stealth        | 4 7 9 11 | 11.5
Air Magic      | 3 5 7 |  7.0
Fighting       | 1 3 |  3.8
Short Blades   | 1 4 |  4.1
Invocations    | 1 4 |  4.6
Dodging        | |  2.6

Action                   |  1- 3 |  4- 6 |  7- 9 | 10-12 || total
-------------------------+-------+-------+-------+-------++-------
Melee: Dagger            |    32 |    46 |    72 |    15 ||   165
       Punch             |     1 |       |     2 |     1 ||     4
 Cast: Summon Small Mamm |    40 |    16 |     3 |       ||    59
       Call Canine Famil |       |    23 |    28 |     7 ||    58
       Summon Guardian G |       |     5 |    29 |    22 ||    56
       Summon Lightning  |       |       |     8 |    27 ||    35
  Use: Potion            |       |       |     6 |       ||     6
       Scroll            |       |       |     8 |     7 ||    15
 Stab: Sleeping          |     7 |     5 |     8 |       ||    20
       Distracted        |       |     1 |       |       ||     1
Armor: Robe              |     2 |     3 |     7 |     4 ||    16
Dodge: Dodged            |    25 |    55 |    90 |    23 ||   193
